 Dungeon Crawl Stone Soup version 0.20.1-1-g8b1a95d (webtiles) character file.

872 Gargoyl the Covered (level 7, -6/62 HPs)
             Began as a Minotaur Abyssal Knight on Sept 23, 2017.
             Was a Believer of Lugonu.
             Mangled by an orc warrior
             ... wielding a +0 halberd
              (17 damage)
             ... on level 6 of the Dungeon.
             The game lasted 00:06:49 (4084 turns).

Gargoyl the Covered (Minotaur Abyssal Knight)       Turns: 4084, Time: 00:06:50

Health: -6/62      AC: 17    Str: 17    XL:     7   Next: 74%
Magic:  8/8        EV:  6    Int:  9    God:    Lugonu [**....]
Gold:   340        SH:  0    Dex: 11    Spells: 6/6 levels left

rFire    . . .     SeeInvis .   a - +1 hand axe
rCold    . . .     Gourm    .   (no shield)
rNeg     . . .     Faith    .   d - +1 plate armour
rPois    .         Spirit   .   (helmet restricted)
rElec    .         Reflect  .   (no cloak)
rCorr    .         Harm     .   x - +2 pair of gloves
MR       .....                  (no boots)
Stlth    ..........             (no amulet)
Regen    0.2/turn               (no ring)
MPRegen  0.2/turn               (no ring)

@: no status effects
A: retaliatory headbutt, horns 2
a: Depart the Abyss, Bend Space, Renounce Religion


You were on level 6 of the Dungeon.
You worshipped Lugonu.
Lugonu was pleased with you.
You were not hungry.

You visited 1 branch of the dungeon, and saw 6 of its levels.
You visited the Abyss 1 time.

You collected 340 gold pieces.

Inventory:

Hand Weapons
 a - a +1 hand axe (weapon)
Missiles
 p - 7 javelins (quivered)
Armour
 d - a +1 plate armour (worn)
 x - a +2 pair of gloves (worn)
Jewellery
 s - an uncursed ring of stealth {unknown}
Wands
 n - a wand of enslavement (17/24)
 q - a wand of polymorph (2/24)
 r - a wand of flame (26/48)
 u - a wand of lightning (9/15)
 v - a wand of flame (22/48)
Scrolls
 e - 5 scrolls of identify
 g - 2 scrolls of teleportation
 j - a scroll of enchant armour
 l - 4 scrolls of remove curse
 m - a scroll of recharging
 o - a scroll of fear
Potions
 f - a potion of lignification
 h - 2 potions of cancellation {unknown}
 i - 2 potions of resistance {unknown}
 k - a potion of mutation {unknown}
 t - a potion of haste {unknown}
 w - a potion of agility {unknown}
 A - a potion of heal wounds {unknown}
Comestibles
 b - 2 royal jellies
 c - 2 bread rations
 z - 4 chunks of flesh


   Skills:
 + Level 5.8 Fighting
 + Level 5.7 Axes
 + Level 0.6 Throwing
 * Level 6.8 Armour
 + Level 1.3 Dodging
 * Level 3.9 Invocations


You had 6 spell levels left.
You didn't know any spells.

Dungeon Overview and Level Annotations

Branches:
Dungeon (6/15)             Temple (0/1) D:4

Altars:
Dithmenos
Elyvilon
Fedhas
Kikubaaqudgha
Ru
Vehumet
Zin
The Shining One


Innate Abilities, Weirdness & Mutations

You reflexively headbutt those who attack you in melee.
You have a pair of horns on your head.


Message History

Unknown command.
You slash the orc!
You kill the orc!
Lugonu accepts your kill.
You hit the orc wizard but do no damage.
The orc wizard hits you but does no damage.
The orc warrior hits you but does no damage.
The orc wizard hits you but does no damage.
The orc warrior hits you with a halberd.
* * * LOW HITPOINT WARNING * * *
Found a club.
Items here: )) [ † a mace; a club; a leather armour; an orc corpse
Okay, then.
You hit the orc warrior. You headbutt the orc warrior.
The orc warrior is lightly wounded.
You hit the orc wizard but do no damage.
The orc wizard hits you but does no damage.
The orc warrior hits you with a halberd!
You die...

#...# ####.....#
..#.###........##
##.......##.....##
#....###....##....
#....###..#### #.##
.........## #># .
##..#.....#
#.####...
#.###.....###
##o....... .#
##.##...###o@.......
#
#.###......#..####.
#. ##....##..# #.
#....# #.# #....# .#
..#...# .. ...#...#
.) ###.....# ##
##....#


You could see an orc warrior and an orc wizard.

Vanquished Creatures
  Sigmund (D:3)
  Eustachio (D:6)
  An ogre (D:4)
  A bullfrog (D:6)
  A howler monkey (D:5)
  2 orc priests
  2 orc wizards
  A bullfrog zombie (D:5)
  A jelly (D:5)
  Ijyb (D:3)
  Natasha (twice) (D:3)
  A hound skeleton (D:4)
  A worker ant zombie (D:6)
  2 adders
  2 oozes
  An adder skeleton (D:4)
  2 worms (D:2)
  4 dart slugs
  4 leopard geckos
  10 orcs
  3 giant cockroaches
  7 goblins
  3 hobgoblins
  5 jackals
  A quokka (D:2)
  A ball python (D:3)
  5 bats
  4 frilled lizards
  5 kobolds
  5 rats
  3 fungi (D:1)
83 creatures vanquished.

Notes
Turn   | Place    | Note
-------+----------+-------------------------------------------
     0 | Abyss:1  | Gargoyl the Minotaur Abyssal Knight began the quest for the Orb.
     0 | Abyss:1  | Reached XP level 1. HP: 19/19 MP: 1/1
    24 | Abyss:1  | Noticed a blizzard demon
    27 | D:1      | Escaped the Abyss
   148 | D:1      | Reached XP level 2. HP: 27/27 MP: 2/2
   525 | D:1      | Reached * piety under Lugonu
   653 | D:2      | Reached skill level 3 in Armour
   724 | D:2      | Reached XP level 3. HP: 27/34 MP: 3/3
   894 | D:2      | Found a shadowy altar of Dithmenos.
  1500 | D:3      | Found a sacrificial altar of Ru.
  1514 | D:3      | Noticed Natasha
  1517 | D:3      | Reached XP level 4. HP: 41/41 MP: 4/4
  1521 | D:3      | Killed Natasha
  1569 | D:3      | Reached ** piety under Lugonu
  1704 | D:3      | Noticed Ijyb
  1729 | D:3      | Killed Ijyb
  1744 | D:3      | Noticed Natasha
  1754 | D:3      | Killed Natasha
  1754 | D:3      | Reached skill level 4 in Armour
  1754 | D:3      | Reached XP level 5. HP: 26/47 MP: 6/6
  1922 | D:3      | Noticed Sigmund
  1934 | D:3      | Killed Sigmund
  1934 | D:3      | Reached skill level 5 in Fighting
  1934 | D:3      | Reached skill level 5 in Armour
  1934 | D:3      | Reached XP level 6. HP: 26/56 MP: 7/7
  2245 | D:4      | Found a staircase to the Ecumenical Temple.
  2459 | D:4      | Found a radiant altar of Vehumet.
  3123 | D:5      | Entered Level 5 of the Dungeon
  3163 | D:5      | Reached XP level 7. HP: 50/61 MP: 8/8
  3362 | D:5      | Found an ancient bone altar of Kikubaaqudgha.
  3546 | D:5      | Reached skill level 5 in Axes
  3546 | D:5      | Reached skill level 6 in Armour
  3823 | D:5      | Found a blossoming altar of Fedhas.
  3852 | D:5      | Found a white marble altar of Elyvilon.
  3853 | D:5      | Found a glowing golden altar of the Shining One.
  3854 | D:5      | Found a glowing silver altar of Zin.
  3922 | D:6      | Noticed Eustachio
  3943 | D:6      | Killed Eustachio
  4084 | D:6      | Mangled by an orc warrior

Skill      XL: |  1  2  3  4  5  6  7 |
---------------+----------------------+-----
Fighting       | 4 5 |  5.8
Invocations    | 2 3 |  3.9
Armour         | 3 4 5 6 |  6.8
Axes           | 3 4 5 |  5.7
Throwing       | |  0.6
Dodging        | |  1.3

Action                   |  1- 3 |  4- 6 |  7- 9 || total
-------------------------+-------+-------+-------++-------
Melee: Hand axe          |   116 |    75 |    80 ||   271
       Headbutt          |    20 |    16 |    13 ||    49
       Unarmed           |       |    13 |       ||    13
Throw: Javelin           |       |     4 |       ||     4
Invok: Depart the Abyss  |     1 |       |       ||     1
  Use: Scroll            |     6 |     3 |       ||     9
  Eat: Chunk             |     2 |     5 |     3 ||    10
Armor: Plate armour      |    78 |    54 |    85 ||   217
       Skin              |       |     1 |       ||     1
Dodge: Dodged            |    32 |    26 |    29 ||    87
